 Dungeon Crawl Stone Soup version 0.24.0-125-gc4c63601f3 (webtiles) character file.

Game seed: 16389260444831688245, levelgen mode: deterministic

63 Descartes the Scratcher (level 3, 0/17 HPs)
             Began as a Felid Wanderer on Feb 29, 2020.
             Slain by a quokka (3 damage)
             ... on level 2 of the Dungeon.
             The game lasted 00:01:57 (1585 turns).

Descartes the Scratcher (Felid Wanderer)            Turns: 1585, Time: 00:01:57

Health: 0/17       AC:  1    Str:  9    XL:     3   Next: 89%
Magic:  4/4        EV: 17    Int: 13    God:
Gold:   51         SH:  0    Dex: 15    Spells: 2/2 levels left
                                        Lives:  0   Deaths: 0

rFire    . . .     SeeInvis +     - Unarmed
rCold    . . .     Gourm    .   (shield unavailable)
rNeg     . . .     Faith    .   (armour unavailable)
rPois    .         Spirit   .   (helmet unavailable)
rElec    .         Reflect  .   (cloak unavailable)
rCorr    .         Harm     .   (gloves unavailable)
MR       .....                  (boots unavailable)
Stlth    +++.......             (no amulet)
HPRegen  0.05/turn              (no ring)
MPRegen  0.09/turn              (no ring)

@: quick
A: very small, no armour, no weapons or thrown items, stealth, claws 1, fangs 3,
see invisible, carnivore, speed 1, shaggy fur 1, slow metabolism 1, sharp paws
a: no special abilities


You were on level 2 of the Dungeon.
You were very full.

You visited 1 branch of the dungeon, and saw 2 of its levels.

You collected 51 gold pieces.

Inventory:

Missiles
 e - 34 stones
 i - 19 arrows
Jewellery
 f - a cursed ring of teleportation {unknown}
Scrolls
 c - 3 scrolls of teleportation
 g - 2 scrolls of magic mapping {unknown}
 j - a scroll of blinking {unknown}
Potions
 a - 2 potions of heal wounds
 h - a potion of might {unknown}
 k - a potion of flight {unknown}
 l - a potion of brilliance {unknown}
 m - a potion of haste {unknown}
 n - a potion of invisibility {unknown}
Comestibles
 d - 2 rations


   Skills:
 + Level 3.4 Fighting
 + Level 1.8 Dodging
 + Level 3.6 Stealth
 * Level 4.6 Unarmed Combat
   Level 1.1 Evocations


You had 2 spell levels left.
You didn't know any spells.
Your spell library was empty.

Dungeon Overview and Level Annotations

Branches:
Dungeon (2/15)

Altars:


Innate Abilities, Weirdness & Mutations

You cannot wear armour.
You are incapable of wielding weapons or throwing items.
Your paws allow you to move quietly. (Stealth)
You have sharp claws.
You have razor-sharp teeth.
You have supernaturally acute eyesight. (SInv)
You are carnivorous and can eat meat at any time.
You cover ground quickly.
You are covered in fur. (AC +1)
You have a slow metabolism.
Your sharp claws are effective at attacking unaware monsters.


Message History

You barely miss the quokka. Your bite misses the quokka.
The quokka is heavily wounded.
The bat barely misses you. The quokka misses you.
The frilled lizard closely misses you. The bat closely misses you.
The jackal closely misses you. The quokka bites you.
You barely miss the frilled lizard. The bat hits you but does no damage.
The frilled lizard completely misses you.
The jackal completely misses you. The quokka bites you.
You barely miss the frilled lizard. The bat barely misses you.
The jackal completely misses you. The frilled lizard misses you.
The quokka bites you but does no damage.
You closely miss the frilled lizard. The bat barely misses you.
The jackal closely misses you. The frilled lizard misses you.
The bat misses you. The quokka bites you.
* * * LOW HITPOINT WARNING * * *
The jackal bites you.
* * * LOW HITPOINT WARNING * * *
You barely miss the frilled lizard. The bat closely misses you.
The bat misses you. The quokka bites you.
You die...

... ###. ..# ... ... ...
.... #.. .. ..r...#....
.# ......#.#. .## #.#
#g...wh. ...# #.#
#..#.#l##....# #.# #
#..#@##.#.># #.#
##.##Srhb.....# #.#
#......b......# #.#
#.$##.#.##.#..# #.# #.
#...##.#..# #รท# #.
#..###.#..# #.#
##..##..###.#..####.#
....................#####
#.####..###.##.#.........


You could see a worm, an adder, a quokka, 2 jackals, 2 bats and a frilled
lizard.

Vanquished Creatures
  3 adders (D:2)
  A dart slug (D:1)
  2 leopard geckos (D:1)
  A bat (D:1)
  2 giant cockroaches (D:1)
  3 goblins
  4 hobgoblins (D:1)
  2 jackals (D:2)
  4 kobolds (D:1)
  A quokka (D:2)
  3 frilled lizards (D:1)
  6 rats (D:1)
32 creatures vanquished.

Notes
Turn   | Place    | Note
-------+----------+-------------------------------------------
     0 | D:1      | Descartes the Felid Wanderer began the quest for the Orb.
     0 | D:1      | Descartes set off with the following items: 2 potions of
                  | heal wounds, a potion of curing, a scroll of teleportation,
                  | a ration
     0 | D:1      | Reached XP level 1. HP: 10/10 MP: 2/2
   393 | D:1      | Reached XP level 2. HP: 10/14 MP: 3/3
   505 | D:1      | Reached skill level 1 in Dodging
   915 | D:1      | Reached XP level 3. HP: 10/17 MP: 4/4
  1585 | D:2      | Slain by a quokka

Levels and vault maps discovered:
D:1:      minmay_arrival_jagged, layout_basic, grunt_decor_mini_mirrors
D:2:      layout_loops_ring, grunt_dithmenos_smoke_and_mirrors,
          uniq_crazy_yiuf_cottage, uniq_terence

Skill      XL: |  1  2 |
---------------+-------+-----
Stealth        | 3 |  3.6
Dodging        | 1 |  1.8
Fighting       | |  3.4
Unarmed Combat | |  4.6
Evocations     | |  1.1

Action                   || total
-------------------------++-------
Melee: Unarmed           ||    89
       Bite              ||     5
       Punch             ||     2
  Use: Potion            ||     1
 Stab: Sleeping          ||     8
  Eat: Chunk             ||     8
Armor: Skin              ||     5
Dodge: Dodged            ||    81
